 Dungeon Crawl Stone Soup version 0.30.0-10-gfe55d96785 (webtiles) character file.

Game seed: 14269446390548374527

21 Persephone the Conjurer (level 2, -6/16 HPs)
             Began as a Deep Elf Conjurer on May 13, 2023.
             Engulfed by a cloud of flame (22 damage)
             ... on level 1 of the Dungeon.
             The game lasted 00:02:01 (946 turns).

Persephone the Conjurer (Deep Elf Conjurer)          Turns: 946, Time: 00:02:02

Health: -6/16      AC:  2    Str:  4    XL:     2   Next: 65%
Magic:  8/8        EV: 13    Int: 22    God:
Gold:   16         SH:  0    Dex: 19    Spells: 7/8 levels left

rFire   . . .        i - +0 quarterstaff
rCold   . . .        (shield currently unavailable)
rNeg    . . .        a - +0 robe
rPois   .            (no helmet)
rElec   .            (no cloak)
rCorr   +            (no gloves)
SInv    .            (no boots)
Will    .....        (no amulet)
Stlth   ++           e - +6 ring of dexterity
HPRegen 0.22/turn    g - ring of resist corrosion
MPRegen 0.11/turn

%: no passive effects
@: no status effects
A: no striking features
a: no special abilities


You were on level 1 of the Dungeon.
You visited 1 branch of the dungeon, and saw 1 of its levels.

You collected 16 gold pieces.

Inventory:

Hand Weapons
 i - a +0 quarterstaff (weapon)
Armour
 a - a +0 robe (worn)
Jewellery
 e - a +6 ring of dexterity (left hand)
 g - a ring of resist corrosion (right hand)
Scrolls
 c - 2 scrolls of identify {unknown}
 j - 3 scrolls of fog {unknown}
 k - a scroll of amnesia {unknown}
Potions
 b - 2 potions of magic
 d - a potion of degeneration {unknown}
 f - 2 potions of lignification {unknown}
 h - 2 potions of mutation {unknown}


   Skills:
 + Level 1.0 Fighting
 - Level 2.4 Dodging
 - Level 2.4 Stealth
 + Level 3.5 Spellcasting
 + Level 4.7 Conjurations


You had 7 spell levels left.
You knew the following spells:

 Your Spells              Type           Power      Damage    Failure   Level
a - Magic Dart            Conj           96%        1d7       1%          1

Your spell library contained the following spells:

 Spells                   Type           Power      Damage    Failure   Level
 Searing Ray              Conj           48%        2d6       2%          2
 Dazzling Flash           Conj/Hex       28%        N/A       13%         3
 Fulminant Prism          Conj/Hex       7%         3d7       41%         4
 Iskenderun's Mystic Bla  Conj/Tloc      14%        2d5       41%         4


Dungeon Overview and Level Annotations

Branches:
Dungeon (1/15)

Altars:


Message History

You miscast Magic Dart.
You are very lightly contaminated with residual magic.
Nothing appears to happen.
The hobgoblin closely misses you.
The magic dart hits the hobgoblin.
You kill the hobgoblin!
Your magical contamination has completely faded away.
Found a chain mail.
A hobgoblin and an endoplasm come into view.
There are monsters nearby!
The magic dart hits the endoplasm.
You kill the endoplasm!
The magic dart hits the hobgoblin.
The hobgoblin is severely wounded.
The hobgoblin shouts!
The magic dart hits the hobgoblin.
You kill the hobgoblin!
Your Fighting skill increases to level 1!
Found a leather armour.
Found a war axe.
There is a stone staircase leading down here.
You now have 16 gold pieces.
A bat comes into view.
A bat is nearby!
The bat misses you. The bat hits you. The bat hits you but does no damage.
You miss the bat. The bat completely misses you. The bat barely misses you.
You closely miss the bat. The bat hits you but does no damage.
The bat closely misses you. The bat hits you but does no damage.
You closely miss the bat. The bat closely misses you.
You hit the bat.
You kill the bat!
Found 2 blue potions.
Really walk into a travel-excluded area? [Y]es or [N]o only, please.
Really walk into a travel-excluded area?
Okay, then.
Really walk into a travel-excluded area?
You are engulfed in blazing flames.
Ouch! That really hurt!
You die...

.....>....#
#####.###.##########
#.# #..........# ###
##...#####.# # #§§§#
#.# ###### #§°☼# #.#
.....# #○☼○# #.#
.#########...#####.#
......☼§..[.?.§!@..#
......§§§.....§☼°..#
.÷....§....)..§°..##
.....#####...######
.....# #§§.# .....#
#§§§# .....# #§☼§#
.....## ##...#
......###...#


There were no monsters in sight!

Vanquished Creatures
  3 endoplasms (D:1)
  A giant cockroach (D:1)
  7 hobgoblins (D:1)
  A quokka (D:1)
  3 bats (D:1)
  4 rats (D:1)
19 creatures vanquished.

Notes
Turn   | Place    | Note
-------+----------+-------------------------------------------
     0 | D:1      | Persephone the Deep Elf Conjurer began the quest for the
                  | Orb.
     0 | D:1      | Reached XP level 1. HP: 10/10 MP: 6/6
   362 | D:1      | Reached XP level 2. HP: 16/16 MP: 5/8
   810 | D:1      | Reached skill level 1 in Fighting
   946 | D:1      | Engulfed by a cloud of flame

Illustrated notes

Levels and vault maps discovered:
D:1:      eino_arrival_cavern_a, layout_basic, lemuel_flame_loot_1

Skill      XL: |  1  2 |
---------------+-------+-----
Fighting       | 1 |  1.0
Dodging        | |  2.4
Stealth        | |  2.4
Spellcasting   | |  3.5
Conjurations   | |  4.7

Action                     || total
---------------------------++-------
  Melee: Quarterstaff      ||    35
   Cast: Magic Dart        ||    26
   Stab: Sleeping          ||     1
 Armour: Robe              ||    18
  Dodge: Dodged            ||    32
